 Dungeon Crawl Stone Soup version 0.26-a0-651-gb41185065b (webtiles) character file.

Game seed: 5698758209354974801

(classic levelgen) 223 EnegeticOcto the Chopper (level 5, 46/46 HPs)
             Began as a Deep Dwarf Delver on Oct 23, 2020.
             Quit the game on level 6 of the Dungeon.
             The game lasted 00:01:48 (386 turns).

EnegeticOcto the Chopper (Deep Dwarf Delver)         Turns: 386, Time: 00:01:49

Health: 46/46      AC:  3    Str: 15    XL:     5   Next: 66%
Magic:  3/3        EV: 12    Int: 12    God:
Gold:   19         SH:  0    Dex: 14    Spells: 4/4 levels left

rFire    . . .     SeeInvis .   a - +0 hand axe
rCold    . . .     Faith    .   (no shield)
rNeg     . . .     Spirit   .   b - +0 leather armour
rPois    .         Reflect  .   (no helmet)
rElec    .         Harm     .   (no cloak)
rCorr    .         Rampage  .   (no gloves)
MR       .....                  (no boots)
Stlth    +++.......             o - amulet of inaccuracy (curse)
HPRegen  0.00/turn              (no ring)
MPRegen  0.08/turn              (no ring)

@: non-regenerating
A: damage resistance, heal wounds, sense surroundings 1, no regeneration
a: Heal Wounds


You were on level 6 of the Dungeon.
You visited 1 branch of the dungeon, and saw 3 of its levels.
You also visited: Ossuary.

You collected 19 gold pieces.

Inventory:

Hand Weapons
 a - a +0 hand axe (weapon)
Armour
 b - a +0 leather armour (worn)
Jewellery
 o - a cursed amulet of inaccuracy (around neck)
Wands
 g - a wand of digging (3) {@v3}
Scrolls
 c - a scroll of fog
 d - 3 scrolls of identify {unknown}
 e - a scroll of fear
 h - a scroll of teleportation {unknown}
 i - a scroll of random uselessness {unknown}
 n - a scroll of immolation {unknown}
Potions
 f - a potion of haste {@q4}
 j - 2 potions of resistance {unknown}
 k - 2 potions of brilliance {unknown}
 l - a potion of curing {unknown}
 m - 3 potions of degeneration {unknown}


   Skills:
 - Level 2.6 Fighting
 + Level 6.6 Axes
 - Level 2.1 Dodging
 - Level 6.0 Stealth


You had 4 spell levels left.
You didn't know any spells.
Your spell library was empty.

Dungeon Overview and Level Annotations

Branches:
Dungeon (6/15)            Ossuary (visited)
 Temple: D:4-7

Altars:


Innate Abilities, Weirdness & Mutations

You are resistant to damage.
You can heal yourself by infusing magical energy.
You passively map a small area around you.
You do not regenerate.


Message History

No target in view!
No target in view!
No target in view!
No target in view!
A kobold zombie comes into view.
The kobold zombie moves out of view.
Found a gate leading back out of this place.
Really walk onto that alarm trap?
You set off the alarm!
The alarm trap emits a blaring wail!
A sentinel's mark forms upon you. The hobgoblin zombie hits you.
You hit the hobgoblin zombie.
The hobgoblin zombie is severely damaged.
The hobgoblin zombie misses you.
You barely miss the hobgoblin zombie.
The hobgoblin zombie is severely damaged.
The hobgoblin zombie barely misses you.
You hit the hobgoblin zombie.
You destroy the hobgoblin zombie!
You slash the kobold zombie!
The kobold zombie is almost destroyed.
The kobold zombie completely misses you.
You barely miss the kobold zombie.
The kobold zombie is almost destroyed.
The kobold zombie closely misses you.
You hit the kobold zombie.
You destroy the kobold zombie!
No target in view!
No target in view!
No target in view!
No target in view!
The sentinel's mark upon you fades away.
You open the door.
Found five items.
There is an open door here.
d - a scroll labeled URO ZAYDEVIDEZ
d - 3 scrolls labeled URO ZAYDEVIDEZ (gained 2)
j - 2 puce potions
k - 2 bubbling pink potions
l - a fuming black potion
m - 2 viscous dark potions
There is an open door here.
Found a ring mail.
There is a gate leading back out of this place here.
There is a collapsed entrance here.
Things that are here:
a ring mail; a frilled lizard skeleton You now have 19 gold pieces.
Unknown command.
Unknown command.
Found 20 stones.
You see here 20 stones.
Found a stone staircase leading up.
Found a scroll labeled JIUMOR PENK.
(D) Dungeon
Where to? (? - help)
n - a scroll labeled JIUMOR PENK
There is a stone staircase leading down here.
You climb downwards.
An adder comes into view.
Found a viscous dark potion.
Found a stone staircase leading up and a stone staircase leading down.
There is a stone staircase leading up here.
You see here a viscous dark potion.
m - 3 viscous dark potions (gained 1)
The adder hisses angrily.
There is a stone staircase leading up here.
You climb upwards.
A phantom comes into view.
There is a stone staircase leading down here.
You climb downwards.
The adder bites you. The adder barely misses you.
There is a stone staircase leading up here.
Your magical essence is drained by the effort!
You feel much better. The adder bites you but does no damage.
You hit the adder but do no damage. The adder misses you.
The adder barely misses you.
You miss the adder. The adder closely misses you.
You completely miss the adder. The adder bites you.
You miss the adder. The adder barely misses you. The adder bites you.
You slash the adder!
The adder is severely wounded.
The adder bites you but does no damage.
You hit the adder.
You kill the adder!
No target in view!
No target in view!
No target in view!
No target in view!
No target in view!
No target in view!
Found a dented diamond amulet.
Found 11 gold pieces.
o - a dented diamond amulet You start putting on your amulet.
You continue putting on your dented diamond amulet. x5
You finish putting on your cursed amulet of inaccuracy.
Oops, that amulet feels deathly cold.
o - a cursed amulet of inaccuracy (around neck) Are you sure you want to abandon this character and quit the game? (Confirm with "yes".)

, , , .#... ## * ...
#.# * ...#..# , ,
..#...# * , #.,
####.....# , .##
##....#...# ,
#...##.#....#.$# *
#.#.##..#.@..#. *
#.#.##...#....#
#,#....#.....#### *
#.#.......##....#*
#.#.......##...#.# *
#...>.....+...#..* ,
,,,,
,###.......##.#...#
*#.###.......+.#.+...
, , #...........#.#.
..


There were no monsters in sight!

Vanquished Creatures
  An elf zombie (Ossuary)
  A centaur zombie (Ossuary)
  A human zombie (Ossuary)
  2 big kobold zombies (Ossuary)
  2 mummies (Ossuary)
  An adder (D:6)
  An adder zombie (Ossuary)
  A frilled lizard (D:5)
  A goblin zombie (Ossuary)
  9 hobgoblin zombies (Ossuary)
  A jackal zombie (Ossuary)
  10 kobold zombies (Ossuary)
  8 orc zombies (Ossuary)
  A rat zombie (Ossuary)
40 creatures vanquished.

Notes
Turn   | Place    | Note
-------+----------+-------------------------------------------
     0 | D:5      | EnegeticOcto the Deep Dwarf Delver began the quest for the
                  | Orb.
     0 | D:5      | Reached XP level 1. HP: 20/20 MP: 1/1
    18 | D:5      | Found a sand-covered staircase.
    65 | Ossuary  | Entered an ossuary
   122 | Ossuary  | Reached XP level 2. HP: 20/27 MP: 2/2
   143 | Ossuary  | Reached XP level 3. HP: 27/33 MP: 2/2
   173 | Ossuary  | Reached skill level 5 in Axes
   173 | Ossuary  | Reached XP level 4. HP: 23/40 MP: 3/3
   176 | Ossuary  | Reached XP level 5. HP: 24/46 MP: 4/4
   359 | D:5      | Noticed a phantom
   386 | D:6      | Quit the game

Illustrated notes

Levels and vault maps discovered:
D:4:      layout_loops_ring, biasface_ghost_orc_armoury, serial_glass,
          glass_columns_c, glass_columns_a
D:5:      wander_river, layout_rooms, minmay_temple_entry_grid,
          nicolae_ossuary_entry_ruins, hangedman_decor_clover_reticule
D:6:      lemuel_ratsnest, layout_basic, grunt_gozag_breadcrumbs,
          gammafunk_ghost_nasty_kobolds, hangedman_decor_diamond_cutter,
          minmay_between

Skill      XL: |  1  2  3  4  5 |
---------------+----------------+-----
Axes           | 3 4 5 6 |  6.6
Fighting       | |  2.6
Dodging        | |  2.1
Stealth        | |  6.0

Action                   |  1- 3 |  4- 6 || total
-------------------------+-------+-------++-------
Melee: Hand axe          |    73 |    48 ||   121
 Abil: Heal Wounds       |     4 |     3 ||     7
  Use: Scroll            |     1 |       ||     1
 Stab: Sleeping          |     1 |       ||     1
Armor: Leather armour    |    24 |     9 ||    33
Dodge: Dodged            |    83 |    45 ||   128

Table legend: (Time is in decaauts)
 A = Elapsed time spent in this place.
 B = Non-inter-level travel time spent in this place.
 C = Inter-level travel time spent in this place.
 D = Time resting spent in this place.
 E = Time spent auto-exploring this place.
 F = Levels seen in this place.
 G = Mean time per level.
                   A        B        C        D        E       F      G
               +--------+--------+--------+--------+--------+-----+--------+
         Total |    396 |    374 |     22 |      0 |      0 |   4 |   99.0 |
       Dungeon |    159 |    137 |     22 |      0 |      0 |   3 |   53.0 |
       Ossuary |    237 |    237 |      0 |      0 |      0 |   1 |  237.0 |
               +--------+--------+--------+--------+--------+-----+--------+

Top non-repeatable levels by time:
 Ossuary: 237 daAuts
     D:5: 126 daAuts
     D:6: 30 daAuts
     D:4: 2 daAuts
